 Dungeon Crawl Stone Soup version 0.31-a0-1338-gb567cfdca4 (webtiles) character file.

Game seed: 4270626079908415198

185 jestert79 the Chopper (level 5, -8/54 HPs)
             Began as an Oni Berserker on Dec 23, 2023.
             Was a Believer of Trog.
             Mangled by Sigmund
             ... wielding a +0 scythe
              (10 damage)
             ... on level 3 of the Dungeon.
             The game lasted 00:04:34 (1659 turns).

jestert79 the Chopper (Oni Berserker)               Turns: 1659, Time: 00:04:35

Health: -8/54      AC:  3    Str: 23    XL:     5   Next: 64%
Magic:  5/5        EV: 10    Int:  8    God:    Trog [**....]
Gold:   133        SH:  0    Dex:  8    Spells: 4/4 levels left

rFire   + . .        a - +0 hand axe
rCold   + . .        (no shield)
rNeg    . . .        b - +0 animal skin
rPois   +            (helmet restricted)
rElec   +            (no cloak)
rCorr   +            (gloves unavailable)
SInv    .            (boots unavailable)
Will    +....        (no amulet)
Stlth   +            (no ring)
HPRegen 0.29/turn    (no ring)
MPRegen 0.09/turn

%: no passive effects
@: brilliant, resistant, on berserk cooldown, enlightened, flying, slowed, very
slow
A: drunken brawling, large, unfitting armour, horns 1, tough skin 1, double
potion healing
a: Renounce Religion, Berserk, Trog's Hand


You were on level 3 of the Dungeon.
You worshipped Trog.
Trog was pleased with you.
You visited 1 branch of the dungeon, and saw 3 of its levels.

You collected 133 gold pieces.

Inventory:

Hand Weapons
 a - a +0 hand axe (weapon)
Missiles
 f - 2 poisoned darts
Armour
 b - a +0 animal skin (worn)
Wands
 h - a wand of polymorph (8)
 k - a wand of flame (29)
Scrolls
 d - 3 scrolls of identify {unknown}
 g - a scroll of torment {unknown}
 l - a scroll of teleportation {unknown}
 m - a scroll of fog {unknown}


   Skills:
 - Level 4.0 Fighting
 + Level 6.1 Axes
 - Level 2.6 Dodging


You had 4 spell levels left.
You didn't know any spells.
Your spell library was empty.

Dungeon Overview and Level Annotations

Branches:
Dungeon (3/15)

Altars:

Annotations:
D:3 Sigmund


Innate Abilities, Weirdness & Mutations

Whenever you drink a potion that restores your health or magic, you attack all enemies around you.
You are too large for most types of armour.
You have a pair of small horns on your head.
You have tough skin. (AC +1)
Whenever you drink a potion that restores your health or magic, it restores twice as much.


Message History

You hit Ijyb. Your headbutt misses Ijyb.
Ijyb is almost dead.
The dart slug launches a dart at you. The slug dart hits you.
* * * LOW HITPOINT WARNING * * *
You closely miss Ijyb. You headbutt Ijyb.
You kill Ijyb!
Trog accepts your kill.
Your Axes skill increases to level 6!
Things that are here:
a +0 club; a +0 ring mail; a wand of iceblast (12)
You feel a strong urge to attack something.
The dart slug launches a dart at you. The slug dart misses you.
You slash the dart slug! You headbutt the dart slug.
You kill the dart slug!
Trog accepts your kill.
You feel a strong urge to attack something.
You are no longer berserk.
You are exhausted.
You feel yourself slow down.
Found a stone staircase leading down.
Sigmund the Dreaded comes into view.
He is wielding a +0 scythe.
Sigmund shouts!
Sigmund says, "Your kind have come here before.
I understand now why.
You desire death..."
It was a potion of brilliance.
You feel clever all of a sudden.
Sigmund points at you and mumbles some strange words.
The puff of flame hits you!
* * * LOW HITPOINT WARNING * * *
It was a potion of resistance.
You feel protected.
Sigmund hits you from afar with a +0 scythe!
* * * LOW HITPOINT WARNING * * *
It was a potion of enlightenment.
You feel very buoyant.
You fly up into the air.
Sigmund hits you from afar with a +0 scythe!
You die...
Sigmund begins carving another notch in his scythe.

#.# ##...~≈≈≈#≈≈~≈≈≈≈~..#
#.####....~≈≈≈≈#~~≈#≈≈≈...#
#.....†....~≈~≈~~≈≈≈~≈#..#.
######.......~~≈≈~≈~..#.##.
##....)..~~.~~#..#.#
##....##....... ##.#.#
####### ####.#### #..@....#
............# .###..@.....#
.......>...# #.#.........#
.. ..>.......# .
...........# #.#########.#


You could see Sigmund.

Vanquished Creatures
  An orc priest (D:2)
  Jessica (D:2)
  Ijyb (D:3)
  A gnoll (D:1)
  3 adders
  A worm (D:3)
  7 dart slugs
  6 orcs
  3 bats
  4 endoplasms
  2 giant cockroaches (D:1)
  2 goblins (D:1)
  3 hobgoblins
  3 quokkas
  2 ball pythons (D:1)
  3 frilled lizards
  3 kobolds
  5 rats
51 creatures vanquished.

Notes
Turn   | Place    | Note
-------+----------+-------------------------------------------
     0 | D:1      | jestert79 the Oni Berserker began the quest for the Orb.
     0 | D:1      | Reached XP level 1. HP: 24/24 MP: 1/1
    77 | D:1      | Reached XP level 2. HP: 25/32 MP: 2/2
   254 | D:1      | Reached skill level 4 in Axes
   337 | D:1      | Reached XP level 3. HP: 38/39 MP: 3/3
   819 | D:2      | Noticed Jessica
   824 | D:2      | Killed Jessica
   825 | D:2      | Reached XP level 4. HP: 38/48 MP: 4/4
   981 | D:2      | Reached skill level 5 in Axes
  1399 | D:3      | Reached XP level 5. HP: 51/54 MP: 5/5
  1412 | D:3      | Reached ** piety under Trog
  1422 | D:3      | HP: 2/54 [hobgoblin/+0 spear (1)]
  1638 | D:3      | Noticed Ijyb
  1647 | D:3      | Killed Ijyb
  1648 | D:3      | Reached skill level 6 in Axes
  1655 | D:3      | Noticed Sigmund
  1658 | D:3      | HP: 2/54 [Sigmund/+0 scythe (9)]
  1659 | D:3      | Mangled by Sigmund

Illustrated notes

Levels and vault maps discovered:
D:1:      reono_arrival_mine, layout_basic
D:2:      cheibrodos_pilgrimage, layout_rooms, amcnicky_mini_corridor_feature,
          uniq_jessica
D:3:      kennysheep_slugbush, layout_loops_ring, tso_metal_star,
          gammafunk_ghost_stat_death, uniq_grinder, uniq_ijyb, uniq_sigmund

Skill      XL: |  1  2  3  4  5 |
---------------+----------------+-----
Axes           | 4 5 6 |  6.1
Fighting       | |  4.0
Dodging        | |  2.6

Action                     |  1- 3 |  4- 6 || total
---------------------------+-------+-------++-------
  Melee: Hand axe          |    56 |    61 ||   117
         Headbutt          |     7 |    13 ||    20
         Punch             |       |     2 ||     2
 Invoke: Berserk           |       |     3 ||     3
    Use: Potion            |       |     4 ||     4
   Stab: Sleeping          |       |     1 ||     1
 Armour: Animal skin       |    51 |    53 ||   104
  Dodge: Dodged            |    40 |    39 ||    79

Table legend: (Time is in decaauts)
 A = Elapsed time spent in this place.
 B = Non-inter-level travel time spent in this place.
 C = Inter-level travel time spent in this place.
 D = Time resting spent in this place.
 E = Time spent auto-exploring this place.
 F = Levels seen in this place.
 G = Mean time per level.
                   A        B        C        D        E       F      G
               +--------+--------+--------+--------+--------+-----+--------+
         Total |   1683 |   1575 |    108 |    169 |   1014 |   3 |  561.0 |
       Dungeon |   1683 |   1575 |    108 |    169 |   1014 |   3 |  561.0 |
               +--------+--------+--------+--------+--------+-----+--------+

Top non-repeatable levels by time:
     D:2: 794 daAuts
     D:1: 767 daAuts
     D:3: 121 daAuts
